 Dungeon Crawl Stone Soup version 0.31-a0-207-g184df878d8 (webtiles) character file.

Game seed: 13915651687878993743

807 Ijustatesigmund the Stinger (level 7, 0/45 HPs)
             Began as an Octopode Venom Mage on June 28, 2023.
             Slain by a gnoll
             ... wielding a +0 spear
             ... led by a gnoll sergeant
              (1 damage)
             ... on level 5 of the Dungeon.
             The game lasted 00:10:15 (5367 turns).

Ijustatesigmund the Stinger (Octopode Venom Mage)   Turns: 5367, Time: 00:10:17

Health: 0/45       AC:  1    Str:  7    XL:     7   Next: 92%
Magic:  8/22       EV: 13    Int: 20    God:
Gold:   245        SH:  0    Dex: 12    Spells: 5/14 levels left

rFire   . . .        e - +2 dagger (vamp)
rCold   . . .        (no shield)
rNeg    . . .        (helmet restricted)
rPois   .            (no amulet)
rElec   .            f - ring of magical power
rCorr   .            (no ring)
SInv    .            (no ring)
Will    .....        (no ring)
Stlth   +++          (no ring)
HPRegen 0.27/turn    (no ring)
MPRegen 0.18/turn    (no ring)
                     (no ring)

%: no passive effects
@: no status effects
A: almost no armour, amphibious, 8 rings, camouflage 1, gelatinous body 1,
(nimble swimmer 1), tentacles
a: no special abilities


You were on level 5 of the Dungeon.
You visited 2 branches of the dungeon, and saw 6 of its levels.

You collected 245 gold pieces.

Inventory:

Hand Weapons
 d - a +2 dagger of venom
 e - a +2 vampiric dagger (weapon)
Jewellery
 f - a ring of magical power (left tentacle)
 j - a ring of fire
Wands
 m - a wand of flame (19)
Scrolls
 c - a scroll of teleportation
Potions
 a - 3 potions of magic
 b - 2 potions of mutation
 g - a potion of brilliance
 i - a potion of attraction {unknown}
 k - a potion of might {unknown}
 l - a potion of cancellation {unknown}


   Skills:
 + Level 2.5 Fighting
 - Level 2.0 Dodging
 - Level 2.6 Stealth
 + Level 4.2 Spellcasting
 + Level 3.5 Conjurations
 - Level 1.0 Transmutations
 + Level 3.6 Air Magic
 + Level 6.1 Poison Magic


You had 5 spell levels left.
You knew the following spells:

 Your Spells              Type           Power      Damage    Failure   Level
b - Poisonous Vapours     Pois/Air       46%        N/A       2%          2
c - Mephitic Cloud        Conj/Pois/Air  22%        N/A       6%          3
d - Olgreb's Toxic Radia  Pois           28%        N/A       10%         4

Your spell library contained the following spells:

 Spells                   Type           Power      Damage    Failure   Level
 Sting                    Tmut/Pois      72%        1d6       3%          1
 Apportation              Tloc           8%         N/A       13%         1
 Alistair's Intoxication  Tmut/Pois      12%        N/A       63%         5
 Simulacrum               Ice/Necr       2%         N/A       100%        6
 Ozocubu's Refrigeration  Ice            2%         4d7       100%        7
 Polar Vortex             Ice            2%         N/A       100%        9


Dungeon Overview and Level Annotations

Branches:
Dungeon (5/15)             Temple (1/1) D:4

Altars:
Ashenzari
Cheibriados
Dithmenos
Elyvilon
Fedhas
Gozag
Hepliaklqana
Kikubaaqudgha
Makhleb
Nemelex Xobeh
Okawaru
Qazlal
Ru
Sif Muna
Trog
Uskayaw
Xom
Zin
The Shining One

Shops:
D:2 :


Innate Abilities, Weirdness & Mutations

You cannot wear most types of armour.
You are amphibious.
You can wear up to eight rings at the same time.
Your skin changes colour to match your surroundings (Stealth+).
Your rubbery body absorbs attacks. (AC +1, EV +1)
((You are camouflaged when in or above water. (Stealth+)))
You have tentacles for arms and can constrict up to eight enemies at once.


Message History

Your toxic aura wanes.
A gnoll comes into view. It is wielding a +0 spear.
Casting: Poisonous Vapours (safe; 2% risk of failure)
Confirm with . or Enter, or press ? or * to list all spells.
Aiming: Poisonous Vapours (safe; 2% risk of failure)
Press: ? - help, Dir - move target, f/p - gnoll sergeant
Aim: a gnoll sergeant, wielding a +0 spear and wearing a +0 scale mail (heavily wounded, extremely poisoned) Poisonous vapours surround the gnoll sergeant!
The gnoll sergeant looks as sick as possible!
Unknown command.
The gnoll sergeant hits you from afar with a +0 spear!
The gnoll closely misses you. The gnoll sergeant misses you.
You hit the gnoll sergeant but do no damage.
You grab the gnoll sergeant.
The gnoll sergeant is heavily wounded.
You constrict the gnoll sergeant, but do no damage.
The gnoll hits you from afar with a +0 spear.
The gnoll barely misses you.
The gnoll sergeant hits you with a +0 spear.
You hit the gnoll sergeant but do no damage.
You squeeze the gnoll sergeant, but do no damage.
The gnoll sergeant is severely wounded.
You constrict the gnoll sergeant.
The gnoll hits you from afar with a +0 spear.
The gnoll hits you from afar with a +0 spear!
* * * LOW HITPOINT WARNING * * *
The gnoll sergeant hits you with a +0 spear!
* * * LOW HITPOINT WARNING * * *
Okay, then.
Okay, then.
As you read the scroll labelled NYGRAS LAPUIMOSO, it crumbles to dust.
It is a scroll of amnesia.
Forget Sting, freeing 1 spell level for a total of 5? [Y]es or [N]o only, please.
Forget Sting, freeing 1 spell level for a total of 5?
Your memory of Sting unravels.
You constrict the gnoll sergeant, but do no damage.
The gnoll looks more healthy.
The gnoll hits you from afar with a +0 spear.
You die...

.....# #.# #..
$....###.##...
......#<#..#
.........### #.....$...#
## #.........#...
###########.......).....
#...............).g...##
#...............@gg)#.#
#.......................
#.............#######.##
#..........#### ..
#..........# .
#....>....<#
############


You could see a gnoll sergeant (very poisoned) and 2 gnolls.

Vanquished Creatures
  Sigmund (D:2)
  2 phantoms (D:4)
  A scorpion (D:4)
  A water moccasin skeleton (D:4)
  A bullfrog zombie (D:4)
  Terence (D:2)
  2 iguanas (D:4)
  A hound zombie (D:4)
  2 gnolls (D:5)
  5 adders
  3 adder zombies (D:4)
  A worm (D:4)
  10 orcs
  5 ball pythons
  9 bats
  2 bat zombies (D:4)
  4 endoplasms
  6 giant cockroaches
  14 goblins
  7 hobgoblins
  6 jackals
  4 quokkas
  2 frilled lizards
  5 kobolds
  3 rats
  A rat zombie (D:4)
99 creatures vanquished.

Vanquished Creatures (collateral kills)
  An ice beast (D:4)
1 creature vanquished.

Grand Total: 100 creatures vanquished

Notes
Turn   | Place    | Note
-------+----------+-------------------------------------------
     0 | D:1      | Ijustatesigmund the Octopode Venom Mage began the quest for
                  | the Orb.
     0 | D:1      | Reached XP level 1. HP: 11/11 MP: 3/3
   187 | D:1      | Reached XP level 2. HP: 18/18 MP: 5/5
   273 | D:1      | Reached skill level 4 in Poison Magic
   285 | D:1      | Reached skill level 1 in Fighting
   300 | D:1      | Found a faded altar of an unknown god.
   345 | D:1      | Learned a level 2 spell: Poisonous Vapours
   535 | D:1      | Reached XP level 3. HP: 18/23 MP: 1/6
   547 | D:1      | Learned a level 3 spell: Mephitic Cloud
  1222 | D:2      | Found Eluij's Book Emporium.
  1294 | D:2      | Reached skill level 1 in Air Magic
  1560 | D:2      | Noticed Sigmund
  2176 | D:3      | Reached XP level 4. HP: 27/28 MP: 7/7
  2191 | D:3      | Reached skill level 1 in Conjurations
  2292 | D:3      | Found a white marble altar of Elyvilon.
  2830 | D:3      | Found a shimmering altar of Xom.
  2830 | D:3      | Found a hide-covered altar of Uskayaw.
  2908 | D:4      | Reached XP level 5. HP: 27/33 MP: 9/9
  3251 | D:4      | Found a staircase to the Ecumenical Temple.
  3337 | D:4      | Reached skill level 5 in Poison Magic
  3373 | Temple   | Entered the Ecumenical Temple
  3532 | D:4      | Noticed a phantom
  3547 | D:4      | Killed a phantom
  3548 | D:4      | Reached XP level 6. HP: 32/38 MP: 11/11
  3585 | D:4      | Learned a level 4 spell: Olgreb's Toxic Radiance
  3682 | D:4      | Noticed an ice beast
  3964 | D:2      | Noticed Terence
  3968 | D:2      | Killed Terence
  4156 | D:2      | Killed Sigmund
  4157 | D:2      | Reached XP level 7. HP: 34/44 MP: 12/12
  4791 | D:4      | Found an ancient bone altar of Kikubaaqudgha.
  5297 | D:4      | Reached skill level 6 in Poison Magic
  5325 | D:5      | Entered Level 5 of the Dungeon
  5366 | D:5      | HP: 1/45 [gnoll sergeant/+0 spear (10)]
  5367 | D:5      | Slain by a gnoll

Illustrated notes

Levels and vault maps discovered:
D:1:      lemuel_arrival_tunnels, layout_basic,
          dreamdust_ecumenical_altar_angels_and_demons, minmay_tetromino_s4
D:2:      layout_loops_cross, serial_shops, nicolae_book_shop_shelving,
          uniq_terence, uniq_sigmund
D:3:      layout_rooms, nicolae_elyvilon_temple_path,
          amethyst_overflow_temple_binary
D:4:      layout_basic, lemuel_zombie_altar_kikubaaqudgha,
          minmay_temple_entry_glassed_door, serial_undead, serial_undead_f,
          serial_undead_c, serial_undead_c, serial_undead_a, nzn_random_ring
D:5:      layout_rooms, uniq_prince_ribbit1
Temple:   eino_wide_crystal_templ

Skill      XL: |  1  2  3  4  5  6  7 |
---------------+----------------------+-----
Poison Magic   | 4 5 6 |  6.1
Fighting       | 1 2 |  2.5
Air Magic      | 1 2 3 |  3.6
Conjurations   | 1 2 3 |  3.5
Spellcasting   | 3 4 |  4.2
Dodging        | |  2.0
Stealth        | |  2.6
Transmutations | |  1.0

Action                     |  1- 3 |  4- 6 |  7- 9 || total
---------------------------+-------+-------+-------++-------
  Melee: Unarmed           |    59 |       |       ||    59
         Tentacles         |    21 |    17 |    11 ||    49
         Constrict         |    25 |    23 |    11 ||    59
         Punch             |     2 |     1 |       ||     3
         Short sword       |    38 |     2 |       ||    40
         Dagger            |       |    85 |    46 ||   131
   Cast: Sting             |     3 |       |     1 ||     4
         Poisonous Vapours |    16 |    16 |     7 ||    39
         Mephitic Cloud    |     1 |     2 |       ||     3
         Olgreb's Toxic Ra |       |     3 |     3 ||     6
    Use: Scroll            |     3 |     8 |     3 ||    14
         Potion            |       |     2 |     2 ||     4
   Stab: Sleeping          |     8 |     2 |     2 ||    12
 Armour: Skin              |    12 |     9 |     6 ||    27
  Dodge: Dodged            |    79 |    51 |    31 ||   161

Table legend: (Time is in decaauts)
 A = Elapsed time spent in this place.
 B = Non-inter-level travel time spent in this place.
 C = Inter-level travel time spent in this place.
 D = Time resting spent in this place.
 E = Time spent auto-exploring this place.
 F = Levels seen in this place.
 G = Mean time per level.
                   A        B        C        D        E       F      G
               +--------+--------+--------+--------+--------+-----+--------+
         Total |   5397 |   5205 |    192 |   1564 |   2739 |   6 |  899.5 |
       Dungeon |   5324 |   5154 |    170 |   1564 |   2699 |   5 | 1064.8 |
        Temple |     72 |     50 |     22 |      0 |     40 |   1 |   72.0 |
               +--------+--------+--------+--------+--------+-----+--------+

Top non-repeatable levels by time:
     D:4: 1901 daAuts
     D:2: 1635 daAuts
     D:1: 1024 daAuts
     D:3: 722 daAuts
  Temple: 72 daAuts
     D:5: 41 daAuts
